 Dungeon Crawl Stone Soup version 0.18.1-50-g88ac8fd (webtiles) character file.

868 theElss the Conjurer (level 7, -1/47 HPs)
             Began as a High Elf Conjurer on Sept 20, 2016.
             Was a Follower of Vehumet.
             Slain by kraktruk's ghost (11 damage)
             ... on level 5 of the Dungeon.
             The game lasted 00:23:53 (6980 turns).

theElss the Conjurer (High Elf Conjurer)            Turns: 6980, Time: 00:23:54

Health: -1/47      AC:  4    Str:  7    XL:     7   Next: 73%
Magic:  1/16       EV: 13    Int: 22    God:    Vehumet [*.....]
Gold:   115        SH:  0    Dex: 19    Spells: 4 memorised, 5 levels left

rFire  + . .     SeeInvis +     e - +2 dagger (venom)
rCold  . . .     Gourm    .     h - +0 leather armour {rF+}
rNeg   . . .     Faith    .     (no shield)
rPois  .         Spirit   .     (no helmet)
rElec  .         Dismiss  .     d - +0 cloak
rCorr  .         Reflect  .     (no gloves)
SustAt .         Harm     .     (no boots)
MR     .....                    (no amulet)
Stlth  ++........               y - ring of see invisible
                                j - +4 ring of dexterity

@: not resistant to hostile enchantments, unstealthy
A: no striking features
a: Renounce Religion


You were on level 5 of the Dungeon.
You worshipped Vehumet.
Vehumet was aware of your devotion.
You were not hungry.

You visited 1 branch of the dungeon, and saw 5 of its levels.

You collected 205 gold pieces.
You spent 90 gold pieces at shops.

Inventory:

Hand Weapons
 e - a +2 dagger of venom (weapon)
Armour
 d - a +0 cloak (worn)
 h - a +0 leather armour of fire resistance (worn)
Jewellery
 g - an uncursed amulet of rage
 j - a +4 ring of dexterity (left hand)
 y - a ring of see invisible (right hand)
 B - a cursed -3 ring of strength {unknown}
Wands
 o - a wand of heal wounds (4/9)
Scrolls
 a - 2 scrolls of identify
 f - 2 scrolls of enchant armour
 l - 3 scrolls of remove curse
 m - 2 scrolls of enchant weapon
 p - 2 scrolls of random uselessness {unknown}
 v - a scroll of amnesia {unknown}
 w - a scroll of teleportation {unknown}
 C - a scroll of recharging {unknown}
Potions
 i - a potion of flight
 k - a potion of might
 n - 2 potions of curing
 r - a potion of heal wounds {unknown}
 t - a potion of ambrosia {unknown}
 x - 2 potions of berserk rage
 z - a potion of mutation {unknown}
 A - a potion of agility {unknown}
Books
 b - a book of Conjurations

   Spells                             Type                      Level
   a - Magic Dart                     Conjuration                  1
   b - Searing Ray                    Conjuration                  2
   c - Dazzling Spray                 Conjuration/Hexes            3
   d - Fulminant Prism                Conjuration/Hexes            4
   e - Iskenderun's Mystic Blast      Conjuration                  4
   f - Iskenderun's Battlesphere      Conjuration/Charms           5
Comestibles
 c - 4 bread rations
 q - 2 beef jerkies
 s - a royal jelly
 u - a meat ration


   Skills:
 * Level 3.8 Fighting
 + Level 3.2 Dodging
 - Level 2.1 Stealth
 + Level 5.5 Spellcasting
 + Level 7.7 Conjurations


You had 5 spell levels left.
You knew the following spells:

 Your Spells              Type           Power        Failure   Level  Hunger
a - Magic Dart            Conj           ####         1%          1    None
b - Iskenderun's Battles  Conj/Chrm      ###.....     85%         5    #####..
c - Searing Ray           Conj           #####.       1%          2    None
d - Iskenderun's Mystic   Conj           #####...     8%          4    ####...


Dungeon Overview and Level Annotations

Branches:
Dungeon (5/15)             Temple (0/1) D:5

Altars:
Pakellas
Ru
Trog
Vehumet
Zin

Shops:
D:4 (

Annotations:
D:5 kraktruk's ghost, amateur DrMo


Message History

Confirm with . or Enter, or press ? or * to list all spells.
You don't have enough magic to cast that spell.
Unknown command.
Casting: Iskenderun's Mystic Blast
Confirm with . or Enter, or press ? or * to list all spells.
Aiming: Iskenderun's Mystic Blast
Press: ? - help, Shift-Dir - straight line, f/p - kraktruk's ghost
Aim: kraktruk's ghost (severely damaged)
The orb of energy hits kraktruk's ghost.
Kraktruk's ghost is severely damaged.
The orb of energy explodes!
Kraktruk's ghost hits you. The adder zombie bites you.
The adder zombie misses you.
You hit the adder zombie. The adder zombie closely misses you.
You hit the adder zombie. Kraktruk's ghost hits you!
* * * LOW HITPOINT WARNING * * *
The adder zombie bites you.
* * * LOW HITPOINT WARNING * * *
Unknown command.
You closely miss the adder zombie. Kraktruk's ghost hits you!
You die...

.########....<# #.###########
.#88888####.### #.......#
.#8...8# #.# #.#####.# '#8.>.8#
#.# #.# #.# ..8...8# #.####
#.#####.# ## ..88.88# ##....#
#.....#.# ##. .....#####.###.#
#.##..#.###..
.....####...##.######.#...#.##...
.....'.........Z@W...........'...
.....####...##.########...####...
....## ##.#.......# #.....###..
...## ###.#.###.# #.#.#.# ##.
..## #...# #.# #.#.#.# ## +##
#..## #.# #.#.#.# # .# #>>####.#
#.....# .# #.......# ###.### .##
##.###### #.# #


You could see kraktruk's ghost and an adder zombie.

Vanquished Creatures
  Blork the orc (D:5)
  A giant frog (D:4)
  A howler monkey (D:4)
  3 hounds
  Crazy Yiuf (D:5)
  A jelly (D:5)
  An orc priest (D:5)
  A centaur skeleton (D:4)
  3 giant frog skeletons
  2 iguanas
  An orc wizard (D:5)
  3 worker ants
  2 hound skeletons (D:4)
  A gnoll (D:3)
  9 adders
  An ooze (D:4)
  5 worms
  A dart slug (D:3)
  2 giant geckos
  19 orcs
  3 bats
  A giant cockroach (D:1)
  12 goblins
  11 hobgoblins
  12 jackals
  5 quokkas
  4 ball pythons
  5 giant newts
  A jackal skeleton (D:4)
  4 kobolds
  6 rats
  2 fungi (D:5)
125 creatures vanquished.

Notes
Turn   | Place    | Note
--------------------------------------------------------------
     0 | D:1      | theElss the High Elf Conjurer began the quest for the Orb.
     0 | D:1      | Reached XP level 1. HP: 11/11 MP: 4/4
   364 | D:1      | Reached XP level 2. HP: 18/18 MP: 3/6
   368 | D:1      | Learned a level 2 spell: Searing Ray
   686 | D:1      | Reached skill level 5 in Conjurations
   758 | D:1      | Reached skill level 1 in Fighting
   970 | D:2      | Reached XP level 3. HP: 23/23 MP: 3/7
  1136 | D:2      | Found a sacrificial altar of Ru.
  1412 | D:2      | Found Zin's Purification Station.
  1610 | D:2      | Reached XP level 4. HP: 28/29 MP: 1/9
  1749 | D:2      | Found a glowing silver altar of Zin.
  2052 | D:2      | Bought a potion of curing for 90 gold pieces
  2056 | D:2      | You fall through a shaft for 2 floors!
  2056 | D:4      | Noticed a giant frog
  2073 | D:4      | Killed a giant frog
  2073 | D:4      | Reached XP level 5. HP: 10/34 MP: 9/11
  2412 | D:3      | Learned a level 4 spell: Iskenderun's Mystic Blast
  2481 | D:3      | Reached skill level 6 in Conjurations
  2944 | D:3      | Found an oddly glowing altar of Pakellas.
  3025 | D:3      | Reached XP level 6. HP: 41/41 MP: 5/13
  3035 | D:3      | Learned a level 5 spell: Iskenderun's Battlesphere
  3210 | D:3      | Found a radiant altar of Vehumet.
  3215 | D:3      | Became a worshipper of Vehumet
  4561 | D:4      | Reached * piety under Vehumet
  4561 | D:4      | Offered knowledge of Sting by Vehumet.
  4722 | D:4      | Found a bloodstained altar of Trog.
  4907 | D:4      | Found Igguewki's Antique Weapon Boutique.
  5027 | D:4      | Reached skill level 7 in Conjurations
  5027 | D:4      | Reached XP level 7. HP: 46/46 MP: 9/15
  5191 | D:5      | Entered Level 5 of the Dungeon
  5390 | D:5      | Reached skill level 5 in Spellcasting
  5487 | D:5      | Found a staircase to the Ecumenical Temple.
  5564 | D:5      | Noticed Blork the orc
  5572 | D:5      | Killed Blork the orc
  5702 | D:5      | Noticed kraktruk's ghost (amateur DrMo)
  6406 | D:5      | Noticed Crazy Yiuf
  6412 | D:5      | Killed Crazy Yiuf
  6980 | D:5      | Slain by kraktruk's ghost

Skill      XL: |  1  2  3  4  5  6  7 |
---------------+----------------------+-----
Conjurations   | 5 6 7 |  7.7
Fighting       | 1 2 3 |  3.8
Spellcasting   | 3 4 5 |  5.5
Dodging        | 3 |  3.2
Stealth        | |  2.1

Action                   |  1- 3 |  4- 6 |  7- 9 || total
-------------------------+-------+-------+-------++-------
Melee: Dagger            |    15 |    10 |    36 ||    61
 Cast: Magic Dart        |    63 |    95 |    25 ||   183
       Searing Ray       |     7 |    20 |    12 ||    39
       Iskenderun's Myst |       |     2 |     9 ||    11
  Use: Scroll            |     4 |     3 |     1 ||     8
       Potion            |       |     1 |       ||     1
  Eat: Chunk             |     2 |    12 |     4 ||    18
       Royal jelly       |       |       |     1 ||     1
       Beef jerky        |       |       |     1 ||     1
Armor: Leather armour    |     2 |    12 |     2 ||    16
Dodge: Dodged            |    12 |    27 |    22 ||    61
